 Dungeon Crawl Stone Soup version 0.16.2-12-gd0ad4c3 (webtiles) character file.

66 SlimeFever the Stinger (level 4, -2/36 HPs)
             Began as a Naga Venom Mage on Oct 2, 2015.
             Slain by a hound (5 damage)
             ... on level 3 of the Dungeon.
             The game lasted 00:20:18 (1813 turns).

SlimeFever the Stinger (Naga Venom Mage)            Turns: 1813, Time: 00:20:19

Health: -2/36      AC:  3    Str: 11    XL:     4   Next: 15%
Magic:  2/8        EV:  9    Int: 16    God:
Gold:   134        SH:  3    Dex: 11    Spells: 2 memorised, 4 levels left

rFire  . . .     SeeInvis +     d - +1 whip
rCold  . . .     Clarity  .     a - +1 robe
rNeg   . . .     SustAb   .     i - +0 buckler
rPois  +         Gourm    .     (no helmet)
rElec  .         Spirit   .     (no cloak)
rCorr  .         Warding  .     (no gloves)
rMut   .         Stasis   .     (no barding)
MR     +....                    (no amulet)
Stlth  +++.......               (no ring)
                                s - ring of protection from magic

@: very slightly contaminated, very slow, somewhat resistant to hostile
enchantments, fairly stealthy
A: spit poison, see invisible, deformed body, poison resistance, slowness 2, AC
+1
a: Spit Poison


You were on level 3 of the Dungeon.
You were not hungry.

You visited 1 branch of the dungeon, and saw 3 of its levels.

You collected 134 gold pieces.

Inventory:

Hand weapons
 d - a +1 whip (weapon)
 l - a +0 dagger of speed
Missiles
 e - 18 bolts
 j - 10 steel bolts
 m - 4 javelins (quivered)
 v - 34 sling bullets
Armour
 a - a +1 robe (worn)
 i - a +0 buckler (worn)
Jewellery
 f - an uncursed amulet of stasis
 s - a ring of protection from magic (left hand)
Scrolls
 q - a scroll of identify
 u - a scroll of remove curse
Potions
 g - a potion of invisibility {unknown}
 k - a potion of agility {unknown}
 n - 2 potions of restore abilities
 p - 2 potions of haste
Books
 b - a Young Poisoner's Handbook

   Spells                             Type                      Level
   a - Sting                          Conjuration/Poison           1
   b - Cure Poison                    Poison                       2
   c - Mephitic Cloud                 Conjuration/Poison/Air       3
   d - Olgreb's Toxic Radiance        Poison                       4
   e - Venom Bolt                     Conjuration/Poison           5
 o - a book of Fire

   Spells                             Type                      Level
   a - Ignite Poison                  Fire/Transmutation           5
   b - Fireball                       Conjuration/Fire             5
   c - Bolt of Fire                   Conjuration/Fire             6
   d - Delayed Fireball               Conjuration/Fire             7
   e - Ring of Flames                 Charms/Fire                  7
Comestibles
 c - 3 bread rations
 h - 3 fruits
 w - a beef jerky


   Skills:
 + Level 0.2 Fighting
 * Level 0.2 Maces & Flails
 + Level 1.5 Dodging
 * Level 3.7 Stealth
 + Level 2.5 Spellcasting
 + Level 0.6 Conjurations
 * Level 6.5 Poison Magic


You had 4 spell levels left.
You knew the following spells:

 Your Spells              Type           Power        Failure   Level  Hunger
a - Sting                 Conj/Pois      ##..         10%         1    #......
b - Mephitic Cloud        Conj/Pois/Air  #.......     45%         3    ###....


Dungeon Overview and Level Annotations

Branches:
Dungeon (3/15)

Altars:
Ru
Xom

Annotations:
D:3 Terence


Innate Abilities, Weirdness & Mutations

You cannot wear boots.
You can spit poison.
Your serpentine skin is tough (AC +1).
You have supernaturally acute eyesight.
Armour fits poorly on your strangely shaped body.
Your system is resistant to poisons.
You cover ground very slowly.


Message History

* * * LOW HITPOINT WARNING * * *
Casting: Sting
Confirm with . or Enter, or press ? or * to list all spells.
Aiming: Sting
Press: ? - help, Shift-Dir - straight line, f/p - hound
Aim: a hound (heavily wounded)
The sting hits the hound.
The hound is poisoned.
The hound is severely wounded.
The hound closely misses you.
You hit the hound.
The hound is almost dead.
The hound closely misses you. The hound bites you.
* * * LOW HITPOINT WARNING * * *
You closely miss the hound.
The hound is almost dead.
The hound barely misses you. x2
You barely miss the hound.
The hound is almost dead.
The hound closely misses you. The hound bites you.
You die...

#########
********#.......#
*,,,,,,,#@h.....#
*,,,,,,,#)#####.#
*,****,,#.#*,,,<#
*,*#.........#,,#*********
*,*#.#..#........,,,,,,,,*
*,,,..oo#.#####.#*******,*
*,.....,#..,,,,,********,*
*,,#.##,###*******,,,,,,,*
*,,*.,*,* *******,*****,*


You could see a hound.

Vanquished Creatures
  A giant mite (D:1)
  2 adders
  2 giant geckos
  2 orcs (D:3)
  6 goblins
  5 hobgoblins
  2 jackals (D:2)
  5 kobolds
  An ooze (D:2)
  A ball python (D:1)
  7 bats
  A giant cockroach (D:2)
  A giant newt (D:1)
  6 rats
42 creatures vanquished.

Notes
Turn   | Place    | Note
--------------------------------------------------------------
     0 | D:1      | SlimeFever, the Naga Venom Mage, began the quest for the Orb.
     0 | D:1      | Reached XP level 1. HP: 15/15 MP: 3/3
    94 | D:1      | Reached XP level 2. HP: 13/22 MP: 0/4
   289 | D:1      | Reached skill level 6 in Poison Magic
   376 | D:1      | Reached XP level 3. HP: 28/28 MP: 3/6
   381 | D:1      | Learned a level 3 spell: Mephitic Cloud
   877 | D:2      | Found a sacrificial altar of Ru.
  1452 | D:3      | Reached XP level 4. HP: 36/36 MP: 5/8
  1561 | D:3      | Found a shimmering altar of Xom.
  1606 | D:3      | Noticed Terence
  1623 | D:3      | HP: 1/36 [hound (2)]
  1813 | D:3      | Slain by a hound

Action                   |  1- 3 |  4- 6 || total
-------------------------+-------+-------++-------
Melee: Unarmed           |    11 |       ||    11
       Whip              |    30 |    24 ||    54
 Cast: Sting             |    48 |    18 ||    66
 Abil: Spit Poison       |     1 |       ||     1
  Use: Scroll            |     8 |     2 ||    10
       Potion            |     4 |       ||     4
  Eat: Beef jerky        |     1 |       ||     1
       Fruit             |       |     3 ||     3
